 Dungeon Crawl Stone Soup version 0.24.0-13-gcf9b319 (webtiles) character file.

Game seed: 6334053911605965628, levelgen mode: deterministic

177 Fang the Skirmisher (level 5, -1/51 HPs)
             Began as a Gargoyle Berserker on Nov 21, 2019.
             Was a Believer of Trog.
             Killed from afar by an orc wizard (6 damage)
             ... with a puff of frost
             ... on level 3 of the Dungeon.
             The game lasted 00:01:24 (2666 turns).

Fang the Skirmisher (Gargoyle Berserker)            Turns: 2666, Time: 00:01:25

Health: -1/51      AC:  6    Str: 26    XL:     5   Next: 57%
Magic:  5/5        EV:  9    Int:  8    God:    Trog [**....]
Gold:   222        SH:  7    Dex:  9    Spells: 4/4 levels left

rFire    . . .     SeeInvis .   a - +0 hand axe
rCold    . . .     Gourm    .   e - +0 shield
rNeg     + . .     Faith    .   b - +0 animal skin
rPois    ∞         Spirit   .   (no helmet)
rElec    +         Reflect  .   (no cloak)
rCorr    .         Harm     .   (no gloves)
MR       ++...                  (no boots)
Stlth    ..........             (no amulet)
HPRegen  1.17/turn              k - +3 ring of slaying
MPRegen  0.09/turn              (no ring)

@: berserking, regenerating, very quick
A: negative energy resistance 1, electricity resistance, unbreathing,
petrification resistance, rot immunity, AC +4
a: Berserk, Trog's Hand, Renounce Religion


You were on level 3 of the Dungeon.
You worshipped Trog.
Trog was pleased with you.
You were near starving.

You visited 1 branch of the dungeon, and saw 3 of its levels.

You collected 222 gold pieces.

Inventory:

Hand Weapons
 a - a +0 hand axe (weapon)
Armour
 b - a +0 animal skin (worn)
 e - a +0 shield (worn)
Jewellery
 k - a +3 ring of slaying (left hand)
Scrolls
 d - 8 scrolls of identify {unknown}
 f - 2 scrolls of immolation {unknown}
 g - a scroll of fear {unknown}
 i - 6 scrolls of teleportation {unknown}
 m - a scroll of amnesia {unknown}
Potions
 h - 2 potions of degeneration {unknown}
 j - a potion of resistance {unknown}
 l - 2 potions of heal wounds {unknown}
 o - 4 potions of cancellation {unknown}
 p - a potion of haste {unknown}
 q - a potion of magic {unknown}
 r - a potion of curing {unknown}
Comestibles
 c - 9 rations
 n - 3 chunks of flesh


   Skills:
 + Level 4.4 Fighting
 + Level 3.5 Axes
 + Level 3.5 Armour
 + Level 2.5 Dodging


You had 4 spell levels left.
You didn't know any spells.
Your spell library was empty.

Dungeon Overview and Level Annotations

Branches:
Dungeon (3/15)

Altars:
Gozag
Vehumet


Innate Abilities, Weirdness & Mutations

You are resistant to torment.
Your stone body is resilient. (AC +4)
You are immune to poison.
You resist negative energy. (rN+)
You are resistant to electric shocks. (rElec)
You can survive without breathing.
You are immune to petrification.
You are immune to rotting.


Message History

The orc hits you from afar with a +0 trident.
Something hits you but does no damage.
A red film seems to cover your vision as you go berserk!
You feel yourself moving faster!
You feel mighty!
You are feeling very hungry.
The orc closely misses you. Something hits you but does no damage.
You closely miss something. Something hits you but does no damage.
The orc hits you from afar with a +0 trident!
* * * LOW HITPOINT WARNING * * *
You miss something.
You are near starving!
Something hits you but does no damage. You block the bat's attack.
The orc priest mumbles some strange prayers to Beogh against you.
Beogh smites you!
* * * LOW HITPOINT WARNING * * *
You block the orc's attack.
You hear some strange, mumbled words.
A puff of frost appears from out of thin air!
The puff of frost hits you.
You die...

#..##....##.#
#..##|...##.#
########.........#.#
...........#.....#..
.########..#..<....#
###........#
#..........#
####b###...# #@# ..#
#{# .


#So ##o. ... ..♣. .♣._. ..♣.♣. You could see an orc priest, an adder, an orc and
a bat.

Vanquished Creatures
  An ice beast (D:3)
  Jessica (D:2)
  An adder (D:2)
  A worm (D:2)
  2 dart slugs (D:2)
  A leopard gecko (D:3)
  An orc (D:3)
  3 giant cockroaches
  5 goblins
  5 hobgoblins
  3 jackals (D:1)
  A ball python (D:3)
  3 bats
  4 frilled lizards
  8 kobolds
  6 rats
46 creatures vanquished.

Notes
Turn   | Place    | Note
-------+----------+-------------------------------------------
     0 | D:1      | Fang the Gargoyle Berserker began the quest for the Orb.
     0 | D:1      | Reached XP level 1. HP: 14/14 MP: 1/1
   414 | D:1      | Reached XP level 2. HP: 17/19 MP: 2/2
  1050 | D:2      | Reached XP level 3. HP: 15/23 MP: 3/3
  1227 | D:2      | Reached ** piety under Trog
  1843 | D:2      | Noticed Jessica
  1850 | D:2      | Killed Jessica
  1850 | D:2      | Reached skill level 4 in Fighting
  1850 | D:2      | Reached XP level 4. HP: 24/29 MP: 4/4
  2020 | D:3      | Found an opulent altar of Gozag.
  2221 | D:3      | Noticed an ice beast
  2229 | D:3      | Killed an ice beast
  2229 | D:3      | Reached XP level 5. HP: 34/34 MP: 5/5
  2541 | D:3      | Found a radiant altar of Vehumet.
  2653 | D:3      | Found a faded altar of an unknown god.
  2666 | D:3      | Killed from afar by an orc wizard

Levels and vault maps discovered:
D:1:      dpeg_arrival_yet_another_circle, layout_loops_corners,
          chequers_serial_rivers_small_b
D:2:      wander_river, layout_loops_cross, minmay_split_cup_large, uniq_jessica
D:3:      layout_basic, old_standard_altar, lemuel_round_altar, first_ration,
          chequers_ecumenical_altar_simple_redux, grunt_decor_mini_mirrors

Skill      XL: |  1  2  3 |
---------------+----------+-----
Axes           | 3 |  3.5
Dodging        | 2 |  2.5
Fighting       | 4 |  4.4
Armour         | 3 |  3.5

Action                   |  1- 3 |  4- 6 || total
-------------------------+-------+-------++-------
Melee: Hand axe          |    88 |    40 ||   128
Invok: Berserk           |     1 |     2 ||     3
       Trog's Hand       |       |     1 ||     1
  Eat: Chunk             |     3 |     4 ||     7
Armor: Animal skin       |    21 |    19 ||    40
Dodge: Dodged            |    50 |    14 ||    64
Block: Shield            |    21 |    13 ||    34
